 Dungeon Crawl Stone Soup version 0.31.0-32-g396128a36d (webtiles) character file.

Game seed: 16339145595251406072

77 tizbic2 the Sneak (level 4, -5/26 HPs)
             Began as a Vampire Brigand on Mar 19, 2024.
             Was a Follower of Trog.
             Blown up by Ijyb (8 damage)
             ... with a mindburst bolt
             ... on level 3 of the Dungeon.
             The game lasted 00:09:30 (1708 turns).

tizbic2 the Sneak (Vampire Brigand)                 Turns: 1708, Time: 00:09:30

Health: -5/26      AC:  9    Str: 11 (12) XL:     4   Next: 14%
Magic:  4/4        EV:  6    Int: 12 (13) God:    Trog [*.....]
Gold:   105        SH:  0    Dex: 13 (15) Spells: 3/3 levels left

rFire   . . .        a - +2 dagger
rCold   + + .        (no shield)
rNeg    + + +        m - +0 chain mail
rPois   ∞            (no helmet)
rElec   .            c - +0 cloak
rCorr   .            (no gloves)
SInv    +            (no boots)
Will    .....        (no amulet)
Stlth   ++           (no ring)
HPRegen 0.00/turn    (no ring)
MPRegen 0.09/turn

%: no passive effects
@: bloodless, inhibited regen
A: bloodless, fangs 3, see invisible, vampiric 2
a: Bat Form, Revivify, Renounce Religion


You were on level 3 of the Dungeon.
You worshipped Trog.
Trog was aware of your devotion.
You visited 1 branch of the dungeon, and saw 3 of its levels.

You collected 105 gold pieces.

Inventory:

Hand Weapons
 a - a +2 dagger (weapon)
 q - a +0 falchion
Missiles
 b - 2 boomerangs
 d - 9 poisoned darts (quivered)
 e - 3 curare-tipped darts
 f - 21 stones
Armour
 c - a +0 cloak (worn)
 m - a +0 chain mail (worn)
Scrolls
 i - a scroll of brand weapon {unknown}
 j - 2 scrolls of amnesia {unknown}
 k - a scroll of poison {unknown}
 o - a scroll of blinking {unknown}
 p - a scroll of fog {unknown}
 r - a scroll of vulnerability {unknown}
 s - a scroll of identify {unknown}
Potions
 g - a potion of curing {unknown}
 h - 2 potions of enlightenment {unknown}
 l - a potion of invisibility {unknown}
 n - 2 potions of berserk rage {unknown}


   Skills:
 + Level 2.1 Fighting
 - Level 2.1 Short Blades
 * Level 1.4 Axes
 * Level 2.2 Throwing
 * Level 1.4 Armour
 - Level 1.1 Dodging
 - Level 5.8 Stealth
 + Level 0.9 Shields


You had 3 spell levels left.
You didn't know any spells.
Your spell library was empty.

Dungeon Overview and Level Annotations

Branches:
Dungeon (3/15)

Altars:
Makhleb
Trog

Annotations:
D:3 Ijyb


Innate Abilities, Weirdness & Mutations

You do not regenerate when monsters are visible.
You are frail without blood (-20% HP).
You can heal yourself when you bite living creatures.
You are immune to poison.
You have razor-sharp teeth.
You have supernaturally acute eyesight. (SInv)
You are afflicted with vampirism and can become a bat while bloodless.


Message History

Ijyb barely misses you.
You barely miss Ijyb.
Ijyb is moderately wounded.
Ijyb zaps a wand.
Your mind is blasted!
* * * LOW HITPOINT WARNING * * *
You hit Ijyb but do no damage.
Ijyb is moderately wounded.
Ijyb screams, "Level is mine!
All mine!"
Ijyb hits you with a +0 club.
* * * LOW HITPOINT WARNING * * *
You hit Ijyb but do no damage.
Ijyb is moderately wounded.
Ijyb hits you but does no damage.
You hit Ijyb but do no damage. You bite Ijyb.
You draw Ijyb's blood!
You feel better.
Ijyb is heavily wounded.
You feel the effects of Trog's Hand fading.
Ijyb completely misses you.
You closely miss Ijyb. You bite Ijyb, but do no damage.
Ijyb is heavily wounded.
You completely miss Ijyb. Your bite misses Ijyb.
Ijyb is heavily wounded.
Ijyb completely misses you.
You closely miss Ijyb.
Ijyb is heavily wounded.
Ijyb hits you with a +0 club.
* * * LOW HITPOINT WARNING * * *
Okay, then.
You closely miss Ijyb.
Ijyb is moderately wounded.
Ijyb hits you with a +0 club.
* * * LOW HITPOINT WARNING * * *
You hit Ijyb.
Ijyb is heavily wounded.
Ijyb hits you but does no damage.
You hit Ijyb but do no damage.
Ijyb is heavily wounded.
Your skin stops crawling.
You feel less strong-willed.
Ijyb zaps a wand.
Your mind is blasted!
You die...

#..#.# ### #..#.#
..# #..#.# #.#
#..#.#
#.#.#..#†#########
#.#....#..........
#.####.###########
#g#...............
#@################
#.# #.#########
#.........#
#########.# #.#
#.# #.# #.#


You could see Ijyb.

Vanquished Creatures
  Natasha (D:3)
  An adder (D:2)
  A ribbon worm (D:2)
  An orc (D:3)
  4 ball pythons
  A bat (D:2)
  3 endoplasms
  A giant cockroach (D:1)
  4 goblins
  5 hobgoblins
  2 jackals (D:1)
  5 kobolds
  2 quokkas
  5 rats
36 creatures vanquished.

Notes
Turn   | Place    | Note
-------+----------+-------------------------------------------
     0 | D:1      | tizbic2 the Vampire Brigand began the quest for the Orb.
     0 | D:1      | Reached XP level 1. HP: 16/16 MP: 1/1
   128 | D:1      | Found a faded altar of an unknown god.
   135 | D:1      | Prayed at the altar of an unknown god.
   135 | D:1      | Became a worshipper of Trog the Wrathful
   135 | D:1      | Reached * piety under Trog
   187 | D:1      | Reached XP level 2. HP: 22/22 MP: 2/2
   452 | D:1      | Reached skill level 1 in Armour
   891 | D:2      | Found a burning altar of Makhleb.
   949 | D:2      | Gained mutation: You are afflicted with vampirism and can
                  | become a bat while bloodless. [Vampire growth]
   949 | D:2      | Reached XP level 3. HP: 21/21 MP: 3/3
   972 | D:2      | Reached skill level 1 in Axes
  1398 | D:2      | Reached ** piety under Trog
  1483 | D:3      | Noticed Natasha
  1495 | D:3      | Killed Natasha
  1496 | D:3      | Reached XP level 4. HP: 18/26 MP: 4/4
  1677 | D:3      | Noticed Ijyb
  1708 | D:3      | Blown up by Ijyb

Illustrated notes

Levels and vault maps discovered:
D:1:      elethiomel_arrival_fortress_basement, layout_loops_ring,
          chequers_ecumenical_altar_grove, dreamdust_princess_corridor
D:2:      layout_rooms, basic_altar, minmay_cupped
D:3:      layout_basic, nicolae_wormholes, uniq_natasha, uniq_terence, uniq_ijyb

Skill      XL: |  1  2  3 |
---------------+----------+-----
Armour         | 1 |  1.4
Fighting       | 2 |  2.1
Axes           | 1 |  1.4
Throwing       | 2 |  2.2
Short Blades   | |  2.1
Dodging        | |  1.1
Stealth        | |  5.8
Shields        | |  0.9

Action                     |  1- 3 |  4- 6 || total
---------------------------+-------+-------++-------
  Melee: Dagger            |    97 |    22 ||   119
         Bite              |    11 |     3 ||    14
         Falchion          |     6 |     1 ||     7
         Punch             |     2 |       ||     2
  Throw: Dart              |     7 |       ||     7
 Invoke: Trog's Hand       |       |     1 ||     1
Ability: Exsanguinate      |     1 |       ||     1
         End Transformatio |     1 |       ||     1
         Bat Form          |     1 |       ||     1
   Stab: Sleeping          |     9 |     1 ||    10
 Armour: Robe              |    12 |       ||    12
         Chain mail        |    53 |    13 ||    66
         Ring mail         |     1 |       ||     1
  Dodge: Dodged            |    36 |     4 ||    40
